 Seeded DCSS version 0.29.1-13-g9f3cf754e1 (webtiles) character file.

Game seed: 7583991522934726950 (custom seed)

580396 bumper the Ninja (level 27, -5/183 HPs)
             Began as a Kobold Brigand on Jan 29, 2023.
             Was a Priest of Wu Jian.
             Slain by an Orb Guardian (21 damage)
             ... while paralysed
             ... on level 5 of the Realm of Zot.
             The game lasted 02:23:33 (65808 turns).

bumper the Ninja (Kobold Brigand)                  Turns: 65808, Time: 02:23:33

Health: -5/183     AC: 24    Str:  0 (1)  XL:     27
Magic:  23/23      EV:  3    Int: 12 (13) God:    Wu Jian [***...]
Gold:   3293       SH:  0    Dex: 40      Spells: 19/26 levels left

rFire   . . .      SeeInvis +   b - +6 eudemon blade (holy)
rCold   . . .      Faith    .   H - +3 kite shield
rNeg    . . .      Spirit   .   m - +5 robe of Night {Dark Will+ SInv}
rPois   .          Reflect  .   J - +2 hood of the Assassin {Detection Stab+ Stlth++}
rElec   +          Harm     .   n - scarf {+Inv}
rCorr   +          Rampage  .   E - +3 pair of gloves of Guymowol {rElec Str-2 Dex+4}
Will    +++..                   Y - +2 pair of boots
Stlth   ++++++....              o - amulet of Wonder {Regen+ Dex+3 SInv}
HPRegen 0.00/turn               s - ring "Soih Ecu" {rElec rCorr Str-4 Dex+6}
MPRegen 0.18/turn               W - ring of the Tortoise {AC+8}

@: paralysed, in a heavenly storm, inhibited regen, slowed, lost strength,
glowing, studying 2 skills, unable to read
A: small, no large weapons, nightstalker 3, claws 1, deterioration 2, dopey 1,
weak 1, inability to read after injury 2
}: 4/15 runes: decaying, slimy, silver, gossamer
a: Renounce Religion, Evoke Invisibility, Wall Jump, Serpent's Lash


You were on level 5 of the Realm of Zot.
You worshipped Wu Jian.
Wu Jian was most pleased with you.
You visited 11 branches of the dungeon, and saw 53 of its levels.
You visited 2 bazaars.
You also visited: Ice Cave and Wizlab.

You collected 7930 gold pieces.
You spent 4637 gold pieces at shops.

Inventory:

Hand Weapons
 a - a +9 vampiric quick blade
 b - a +6 eudemon blade of holy wrath (weapon)
 c - the +9 rapier "Qerootei" {venom, Str+4}
   (You bought it in a shop in a bazaar)

   It poisons the flesh of those it strikes.
   Str:       It affects your strength (+4).
 d - the +9 double sword "Ymewyesunt" {protect, rC+ rN+ rCorr Str+4}
   (You found it on level 5 of the Pits of Slime)

   It grants its wielder temporary protection when it strikes (+7 to AC).
   Str:       It affects your strength (+4).
   rC:        It protects you from cold.
   rN:        It protects you from negative energy.
   rCorr:     It protects you from acid and corrosion.
Missiles
 y - a curare-tipped dart
 C - 2 atropa-tipped darts (quivered)
Armour
 m - the +5 robe of Night (worn) {Dark Will+ SInv}
   (You bought it in a shop on level 6 of the Dungeon)

   It shrouds the wearer in darkness, reducing the range at which they can see
   and be seen by others.
   SInv:      It lets you see invisible.
   Will:      It increases your willpower.
 n - a scarf of invisibility (worn)
 E - the +3 pair of gloves of Guymowol (worn) {rElec Str-2 Dex+4}
   (You found it on level 3 of the Elven Halls)

   Str:       It affects your strength (-2).
   Dex:       It affects your dexterity (+4).
   rElec:     It insulates you from electricity.
 H - a +3 kite shield (worn)
 J - the +2 hood of the Assassin (worn) {Detection Stab+ Stlth++}
   (You found it on level 5 of the Pits of Slime)

   It allows the wearer to sense nearby creatures.
   It allows the wearer to make particularly effective stabbing attacks against
   helpless or unaware enemies with any weapon.
   Stlth:     It makes you much more stealthy.
 Y - a +2 pair of boots (worn)
Jewellery
 o - the amulet of Wonder (around neck) {Regen+ Dex+3 SInv}
   (You found it on level 5 of the Vaults)

   [amulet of regeneration]

   Dex:       It affects your dexterity (+3).
   SInv:      It lets you see invisible.
   Regen:     It increases your rate of health regeneration.
 p - the ring "Siusch" {rPois rF+ Str+2}
   (You bought it in a shop on level 3 of the Elven Halls)

   [ring of poison resistance]

   Str:       It affects your strength (+2).
   rF:        It protects you from fire.
   rPois:     It protects you from poison.
 s - the ring "Soih Ecu" (left hand) {rElec rCorr Str-4 Dex+6}
   (You bought it in a shop on level 3 of the Elven Halls)

   [ring of resist corrosion]

   Str:       It affects your strength (-4).
   Dex:       It affects your dexterity (+6).
   rElec:     It insulates you from electricity.
   rCorr:     It protects you from acid and corrosion.
 t - the ring of the Enemy {Fly rElec rN+ Int+5 Stlth-}
   (You found it in an ice cave)

   [ring of flight]

   Int:       It affects your intelligence (+5).
   rElec:     It insulates you from electricity.
   rN:        It protects you from negative energy.
   Fly:       It grants you flight.
   Stlth:     It makes you less stealthy.
 W - the ring of the Tortoise (right hand) {AC+8}
   (You took it off a deep elf sorcerer on level 3 of the Elven Halls)

   [ring of protection]

   AC:        It affects your AC (+8).
Wands
 h - a wand of polymorph (5)
 q - a wand of digging (9)
 G - a wand of iceblast (44)
 L - a wand of acid (4)
 O - a wand of flame (104)
 V - a wand of mindburst (46)
 X - a wand of paralysis (29)
Scrolls
 e - 13 scrolls of poison
 j - 9 scrolls of immolation
 k - 24 scrolls of teleportation
 v - 8 scrolls of butterflies
 A - 5 scrolls of torment
 D - 5 scrolls of silence
 M - 3 scrolls of vulnerability
 P - 10 scrolls of fear
 Q - 8 scrolls of blinking
 U - 4 scrolls of summoning
Potions
 f - 4 potions of might
 g - 14 potions of heal wounds
 i - 8 potions of attraction
 l - a potion of invisibility
 r - 4 potions of cancellation
 u - 8 potions of mutation
 w - 8 potions of lignification
 z - 10 potions of ambrosia
 B - 19 potions of curing
 I - 7 potions of brilliance
 K - 6 potions of resistance
 N - 6 potions of flight
 R - 4 potions of berserk rage
 Z - 7 potions of haste
Miscellaneous
 x - a phantom mirror
 F - a tin of tremorstones (2/2)
 S - a box of beasts
 T - a condenser vane


   Skills:
 + Level 21.6 Fighting
 - Level 10.0(16.1) Short Blades
 - Level 13.4(14.0) Long Blades
 - Level 3.6 Throwing
 + Level 23.7 Dodging
 O Level 27 Stealth
 + Level 18.5 Shields
 - Level 6.0 Transmutations
 - Level 6.0 Fire Magic
 - Level 6.0 Earth Magic
 - Level 6.0 Poison Magic
 - Level 16.0 Evocations


You had 19 spell levels left.
You knew the following spells:

 Your Spells              Type           Power      Damage    Failure   Level
a - Ignite Poison         Fire/Tmut/Pois 14%        N/A       14%         3
b - Passwall              Tmut/Erth      11%        N/A       8%          2
c - Blink                 Tloc           0%         N/A       65%         2

Your spell library contained the following spells:

 Spells                   Type           Power      Damage    Failure   Level
 Sandblast                Erth           28%        2d8       4%          1
 Sting                    Tmut/Pois      56%        1d5       4%          1
 Scorch                   Fire           28%        2d6       8%          2
 Poisonous Vapours        Pois/Air       14%        N/A       26%         2
 Olgreb's Toxic Radiance  Pois           14%        N/A       43%         4
 Conjure Flame            Conj/Fire      7%         6-21      45%         3
 Inner Flame              Hex/Fire       7%         N/A       45%         3
 Stone Arrow              Conj/Erth      14%        3d7       45%         3
 Apportation              Tloc           0%         N/A       50%         1
 Freeze                   Ice            0%         1d3       50%         1
 Magic Dart               Conj           0%         1d3       50%         1
 Necrotise                Necr           0%         1d4       50%         1
 Summon Small Mammal      Summ           0%         N/A       50%         1
 Mephitic Cloud           Conj/Pois/Air  4%         N/A       58%         3
 Call Imp                 Summ           0%         N/A       65%         2
 Ensorcelled Hibernation  Hex/Ice        0%         N/A       65%         2
 Static Discharge         Conj/Air       0%         3-3/arc   65%         2
 Alistair's Intoxication  Tmut/Pois      9%         N/A       80%         5
 Blade Hands              Tmut           7%         N/A       80%         5
 Lee's Rapid Deconstruct  Erth           7%         3d7*      80%         5
 Call Canine Familiar     Summ           0%         N/A       86%         3
 Dazzling Flash           Conj/Hex       0%         N/A       86%         3
 Frozen Ramparts          Ice            0%         1d1       86%         3
 Lesser Beckoning         Tloc           0%         N/A       86%         3
 Ozocubu's Armour         Ice            0%         N/A       86%         3
 Summon Guardian Golem    Hex/Summ       0%         N/A       86%         3
 Swiftness                Air            0%         N/A       86%         3
 Tukima's Dance           Hex            0%         N/A       86%         3
 Animate Armour           Summ/Erth      14%        N/A       86%         4
 Flame Wave               Conj/Fire      7%         2d5       86%         4
 Ice Form                 Ice/Tmut       7%         N/A       86%         4
 Leda's Liquefaction      Hex/Erth       3%         N/A       86%         4
 Sticky Flame             Conj/Fire      7%         2d3       86%         4
 Corpse Rot               Necr/Pois/Air  4%         N/A       94%         4
 Airstrike                Air            0%         2d(0-16)  99%         4
 Animate Dead             Necr           0%         N/A       99%         4
 Cause Fear               Hex            0%         N/A       99%         4
 Fulminant Prism          Conj/Hex       0%         3d6       99%         4
 Hailstorm                Conj/Ice       0%         3d3       99%         4
 Iskenderun's Mystic Bla  Conj/Tloc      0%         2d3       99%         4
 Passage of Golubria      Tloc           0%         N/A       99%         4
 Summon Ice Beast         Ice/Summ       0%         N/A       99%         4
 Summon Lightning Spire   Summ/Air       0%         N/A       99%         4
 Borgnjor's Vile Clutch   Necr/Erth      3%         N/A       99%         5
 Fireball                 Conj/Fire      3%         3d4       99%         5
 Agony                    Necr           0%         N/A       100%        5
 Freezing Cloud           Conj/Ice/Air   0%         6-21      100%        5
 Lightning Bolt           Conj/Air       0%         1d11      100%        5
 Manifold Assault         Tloc           0%         N/A       100%        5
 Metabolic Englaciation   Hex/Ice        0%         N/A       100%        5
 Silence                  Hex/Air        0%         N/A       100%        5
 Summon Forest            Summ/Tloc      0%         N/A       100%        5
 Death Channel            Necr           0%         N/A       100%        6
 Eringya's Noxious Bog    Tmut/Pois      7%         N/A       100%        6
 Simulacrum               Ice/Necr       0%         N/A       100%        6
 Starburst                Conj/Fire      3%         6d3       100%        6
 Statue Form              Tmut/Erth      9%         N/A       100%        6
 Summon Cactus Giant      Summ           0%         N/A       100%        6
 Monstrous Menagerie      Summ           0%         N/A       100%        7
 Spellforged Servitor     Conj/Summ      0%         N/A       100%        7
 Storm Form               Tmut/Air       3%         N/A       100%        7
 Summon Hydra             Summ           0%         N/A       100%        7
 Discord                  Hex            0%         N/A       100%        8
 Ignition                 Fire           7%         3d4       100%        8
 Lehudib's Crystal Spear  Conj/Erth      3%         10d3      100%        8
 Maxwell's Capacitive Co  Air            0%         ∞         100%        8
 Polar Vortex             Ice            0%         N/A       100%        9


Dungeon Overview and Level Annotations

Branches:
Dungeon (15/15)            Temple (1/1) D:7            Lair (5/5) D:10
  Swamp (4/4) Lair:3       Spider (4/4) Lair:3        Slime (5/5) Lair:4
    Orc (2/2) D:10            Elf (3/3) Orc:2        Vaults (5/5) D:14
  Crypt (0/3) Vaults:3     Depths (4/4) D:15            Zot (5/5) Depths:4
  IceCv (visited)          WizLab (visited)

Altars:
Ashenzari
Dithmenos
Elyvilon
Fedhas
Gozag
Hepliaklqana
Kikubaaqudgha
Makhleb
Nemelex Xobeh
Qazlal
Ru
Sif Muna
Trog
Uskayaw
Vehumet
Wu Jian
Yredelemnul
Zin
The Shining One
Jiyva
Lugonu

Shops:
D:6 *   Orc:2 ([*=   Elf:1 (   Elf:3 *[=[   Vaults:1 !   Vaults:5 !?

Portals:
Hell: Depths:1 Depths:3
Abyss: Depths:3
Pandemonium: Depths:4
Ziggurat: Depths:1

Annotations:
D:7 exclusion: Joseph
D:14 2 transporters
Temple 2 transporters
Swamp:3 exclusion: bloated husk


Innate Abilities, Weirdness & Mutations

You are small and have problems with some larger weapons.
You are completely attuned to the shadows.
You have sharp fingernails.
Your body often deteriorates upon taking damage.
You are dopey. (Int -2)
You are weak. (Str -2)
You sometimes lose the ability to read scrolls when taking damage.


Message History

You cannot read scrolls in your current state!
Aiming: Wall Jump
Press: ? - help, Dir - move target You repeatedly attack the Orb Guardian from above.
You slice the Orb Guardian!!
The Orb Guardian is moderately wounded.
You slice the Orb Guardian!!
The Orb Guardian is heavily wounded.
You slash the Orb Guardian!
The Orb Guardian is severely wounded.
You repeatedly attack the orb of fire from above.
You slice the orb of fire!!
The orb of fire is moderately damaged.
You slash the orb of fire!
The orb of fire is moderately damaged.
You slash the orb of fire!
The orb of fire is moderately damaged.
You repeatedly attack the Orb Guardian from above.
You hit the Orb Guardian but do no damage.
The Orb Guardian is severely wounded.
You slice the Orb Guardian!!
The Orb Guardian is almost dead.
You repeatedly attack the Orb Guardian from above.
You hit the Orb Guardian.
The Orb Guardian is lightly wounded.
You slice the Orb Guardian!!
The Orb Guardian is moderately wounded.
You hit the Orb Guardian.
The Orb Guardian is heavily wounded.
You feel less exhausted.
You hear a roar!
The Orb Guardian completely misses you. You block the Orb Guardian's attack. x2
The Orb Guardian completely misses you.
The orb of fire glows bright magenta.
Strange energies course through your body.
You feel weaker.
You have lost your strength.
The Orb Guardian hits you but does no damage.
The Orb Guardian hits you!!
You die...

..##....## ##....##.,,,,,
...^..### ###..^$.,,,,^ ▓▓▓▓▓▓#
#▓▓▓▓▓***** ,,**** ****,,^,,,
,,,,,*** ***,,{,,,,,, ,,,,,,,**
**,,,,,,,,,,^ ,,,,,,,,* ***▓▓▓▓▓▓
*,,,,,,,,,,,,
,,......▓▓▓...§§XX▓▓*,,,,,,,,,,,,
,.......▓▓...^§☼@XX▓▓{{,,,,,,,,,,
,.......▓.....§XX*§§▓{{,,,,,,,,,,
,........^....§§§§*☼*{,,,,,,,,,,,
..^.....▓.^...§§§☼☼☼▓.,,,,,,,,,,,
........▓▓....§☼☼☼§▓▓,,,,,,,,,,,,
........▓▓▓.......▓▓*,,,,,,,,,,,,
........▓ ▓▓▓▓▓▓▓▓▓ *,,,,,,,,,,,,
.......▓▓ **,,,,,,,,,^, .....▓▓▓
***,,,,,,,,,


You could see 2 orbs of fire and 6 Orb Guardians.

Vanquished Creatures
  the Royal Jelly (Slime:5)
  Dissolution (Slime:2)
  2 dread liches
  3 ancient liches
  Mara (Spider:4)
  2 orbs of fire (Zot:5)
  Mennas (Vaults:3)
  Bai Suzhen (Swamp:3)
  3 Killer Klowns (Zot:5)
  A curse toe (Zot:5)
  5 golden dragons
  The ghost of christhawk the Slayer, an adept MiHu of Okawaru (Vaults:2)
  Arachne (Spider:3)
  2 electric golems
  5 tentacled monstrosities
  7 titans (Vaults:5)
  16 Orb Guardians (Zot:5)
  3 quicksilver dragons
  2 liches
  4 deep elf blademasters
  19 acid blobs
  An ancient champion (WizLab)
  6 sphinxes
  9 death cobs
  Gastronok (D:8)
  Agnes (Spider:3)
  8 shadow dragons
  A thorn hunter (Swamp:4)
  A fenstrider witch (Swamp:1)
  13 rockslimes
  12 storm dragons
  Roxanne (D:15)
  11 azure jellies
  4 tengu reavers (Vaults:5)
  6 frost giants
  3 draconian knights
  5 fire giants (Vaults:5)
  5 emperor scorpions
  16 vault wardens
  6 draconian monks
  2 draconian scorchers (Zot:4)
  3 orc warlords
  4 ghost moths
  A frost giant (shapeshifter) (Vaults:5)
  A draconian shifter (Zot:1)
  3 draconian stormcallers (Zot:4)
  8 deep elf sorcerers
  2 iron dragons (Vaults:5)
  6 quicksilver oozes
  A draconian annihilator (Zot:1)
  A hydra skeleton (Swamp:4)
  14 very ugly things
  10 ironbound preservers
  2 war gargoyles
  3 ghouls (Swamp:3)
  3 reapers
  4 ironbound thunderhulks
  11 stone giants
  3 vampire knights
  The ghost of Fifowuza the Grappler, a journeyman DrTm of Wu Jian (Lair:4)
  8 yellow draconians
  8 deep elf demonologists
  4 eleionomae
  5 black draconians
  4 purple draconians
  10 bunyips
  2 white draconians
  5 deep elf annihilators
  8 entropy weavers
  6 spark wasps
  7 dire elephants
  4 red draconians
  5 deep elf death magi
  9 ettins
  Snorg (D:14)
  7 deep elf high priests
  5 fire dragons
  12 great orbs of eyes
  14 yaktaur captains
  An ice dragon (Depths:1)
  33 vault guards
  3 shambling mangroves
  5 boulder beetles
  Erolcha (D:10)
  A rakshasa (D:15)
  2 hell beasts (Depths:3)
  A jorogumo (Spider:3)
  17 hydras
  13 centaur warriors
  3 catoblepae
  9 ironbound frosthearts
  3 ghost crabs
  3 ogre magi
  4 radroaches
  14 alligators
  6 two-headed ogres
  19 death yaks
  5 deep troll shamans
  2 deep troll earth magi
  Urug (Lair:1)
  A tengu warrior (D:15)
  A shock serpent (shapeshifter) (Vaults:5)
  28 dancing weapons
  3 orc high priests (Orc:2)
  A hell knight (Vaults:5)
  A titan zombie (Depths:1)
  21 deep elf knights
  A spriggan berserker (Depths:1)
  A sun demon (Depths:4)
  5 spriggans
  3 pharaoh ants
  2 sun moths
  6 iron trolls
  9 skeletal warriors
  9 goliath frogs
  A sixfirhy (Depths:4)
  A flayed ghost (Vaults:5)
  39 deep trolls
  2 swamp dragons
  5 steelbarb worms
  5 spriggan druids (Swamp:4)
  8 deep elf archers
  8 orb spiders
  6 glowing orange brains
  7 bog bodies
  A glowing orange brain (shapeshifter) (D:15)
  5 wizards
  Pikel (D:7)
  25 deep elf zephyrmancers
  4 spectral hydras (Swamp:4)
  18 lindwurms
  18 ironbound convokers
  8 orc knights
  5 orc sorcerers
  10 phantasmal warriors
  29 deep elf pyromancers
  A necromancer (Depths:1)
  5 manticores
  16 ugly things
  4 cyclopes
  26 wolf spiders
  A will-o-the-wisp (Swamp:4)
  4 oklob plants
  7 elephants
  5 shining eyes
  A salamander (D:15)
  9 moths of wrath
  Joseph (D:7)
  7 black mambas
  An ice statue (IceCv)
  3 gargoyles
  6 torpor snails
  3 eyes of devastation
  Maggie (D:7)
  20 vault sentinels
  13 cane toads
  3 rime drakes
  2 kobold demonologists
  A rime drake (shapeshifter) (Elf:1)
  4 demonic crawlers
  46 yaktaurs
  3 efreet
  9 komodo dragons
  A freezing wraith (Vaults:5)
  4 hydra zombies (Swamp:4)
  A red devil (Depths:4)
  2 death drake zombies (Swamp:4)
  7 trolls
  3 bloated husks
  3 meliai (Spider:4)
  20 polar bears
  A merfolk (shapeshifter) (Vaults:5)
  30 tarantellas
  A tarantella (shapeshifter) (D:15)
  6 tyrant leeches
  16 hornets
  A sphinx simulacrum (Depths:1)
  A slime creature (shapeshifter) (Vaults:5)
  24 jumping spiders
  16 blink frogs
  A death drake skeleton (Swamp:4)
  87 slime creatures
  A centaur simulacrum (D:14)
  2 air elementals (Elf:3)
  16 culicivoras
  5 wyverns
  3 water elementals
  A wraith (D:12)
  6 vampires
  3 shadows
  112 yaks
  A chaos spawn (Depths:4)
  Eustachio (D:6)
  7 basilisks
  2 unseen horror simulacra (D:8)
  Grum (Lair:1)
  A golden eye (Slime:5)
  68 redbacks
  14 vampire mosquitoes
  2 steam dragons
  An acid dragon (D:13)
  A swamp worm (shapeshifter) (Vaults:5)
  16 swamp worms
  3 two-headed ogre zombies (WizLab)
  2 hydra simulacra (Swamp:4)
  Menkaure (D:6)
  9 wargs
  12 water moccasins
  Duvessa (D:4)
  3 black bears
  5 swamp drakes
  7 ogres
  32 orc warriors
  4 ice beasts
  An ogre (shapeshifter) (D:9)
  5 swamp dragon zombies (Swamp:4)
  19 centaurs
  44 wolves
  A swamp dragon skeleton (Swamp:4)
  3 phantoms
  2 lemures (D:7)
  A kobold brigand (D:9)
  14 bullfrogs
  3 earth elementals
  A necrophage (D:5)
  9 scorpions
  2 gnoll sergeants
  A human simulacrum (Depths:1)
  18 wights
  Dowan (D:4)
  5 killer bees
  4 troll zombies (WizLab)
  3 electric eels
  2 howler monkeys
  5 hounds
  A jelly (D:4)
  23 orc priests
  4 gnoll boudas
  3 iguanas (D:5)
  31 orc wizards
  4 hell rats (Lair:3)
  9 ogre zombies (WizLab)
  A boggart simulacrum (D:14)
  32 gnolls
  9 adders
  A white imp (D:8)
  5 ufetubi
  4 worms
  3 dart slugs
  73 orcs
  A bat (D:1)
  14 endoplasms
  3 giant cockroaches
  10 goblins
  8 hobgoblins
  8 jackals
  9 kobolds
  4 quokkas
  4 ball pythons
  2 frilled lizards
  7 rats
2029 creatures vanquished.

Vanquished Creatures (collateral kills)
  A goliath frog (Swamp:1)
  A swamp worm (Swamp:1)
2 creatures vanquished.

Vanquished Creatures (others)
  A will-o-the-wisp (Swamp:1)
  2 yaktaurs (Vaults:2)
  A bloated husk (Swamp:1)
  A swamp worm (Swamp:1)
  3 elf zombies (Elf:1)
  An orc priest (D:5)
  An orc wizard (Orc:2)
  An orc (D:5)
  3 briar patches (Swamp:4)
  A bush (Lair:5)
  4 foxfires (Swamp:1)
  28 fungi
  47 plants
94 creatures vanquished.

Grand Total: 2125 creatures vanquished

Notes
Turn   | Place    | Note
-------+----------+-------------------------------------------
     0 | D:1      | bumper the Kobold Brigand began the quest for the Orb.
     0 | D:1      | Reached XP level 1. HP: 12/12 MP: 1/1
    26 | D:1      | Found a faded altar of an unknown god.
    58 | D:1      | Reached XP level 2. HP: 10/18 MP: 2/2
   479 | D:2      | Noticed a phantom
   483 | D:2      | Killed a phantom
   484 | D:2      | Reached skill level 6 in Stealth
   484 | D:2      | Reached XP level 3. HP: 23/23 MP: 3/3
   484 | D:2      | Reached XP level 4. HP: 28/28 MP: 4/4
   593 | D:3      | Reached XP level 5. HP: 32/32 MP: 5/5
   683 | D:4      | Found a basalt altar of Yredelemnul.
   687 | D:4      | Found a shimmering blue altar of Sif Muna.
   690 | D:4      | Found a sacrificial altar of Ru.
   886 | D:4      | You fall into a shaft and drop 2 floors!
  1061 | D:5      | Entered Level 5 of the Dungeon
  1081 | D:5      | Reached XP level 6. HP: 37/37 MP: 6/6
  1282 | D:4      | Noticed Duvessa
  1305 | D:4      | Killed Duvessa
  1306 | D:4      | Reached skill level 7 in Stealth
  1311 | D:5      | Found a radiant altar of Vehumet.
  1620 | D:6      | Noticed a water moccasin
  1624 | D:6      | Killed a water moccasin
  1625 | D:6      | Reached skill level 5 in Short Blades
  1625 | D:6      | Reached XP level 7. HP: 44/44 MP: 7/7
  1799 | D:6      | Found Kogouxu Guac's Assorted Antiques.
  1915 | D:4      | Reached XP level 8. HP: 41/48 MP: 8/8
  2103 | D:3      | Reached skill level 5 in Fighting
  2103 | D:3      | Reached skill level 8 in Stealth
  2162 | D:3      | Found an ancient bone altar of Kikubaaqudgha.
  2312 | D:2      | Reached skill level 5 in Dodging
  4264 | D:7      | Noticed Pikel
  4296 | D:7      | Killed Pikel
  4297 | D:7      | Reached skill level 9 in Stealth
  4297 | D:7      | Reached XP level 9. HP: 48/56 MP: 9/9
  4458 | D:7      | Found a glowing golden altar of the Shining One.
  4492 | D:7      | Noticed Joseph
  4739 | D:7      | Noticed Maggie
  4810 | D:7      | Found a staircase to the Ecumenical Temple.
  4816 | Temple   | Entered the Ecumenical Temple
  4819 | Temple   | Found a transporter.
  4819 | Temple   | Found a transporter.
  4821 | Temple   | Found a transporter.
  4821 | Temple   | Found a transporter.
  4864 | Temple   | Became a worshipper of the Wu Jian Council
  6370 | D:4      | Noticed Dowan
  6377 | D:4      | Reached skill level 10 in Stealth
  6383 | D:4      | Reached * piety under Wu Jian
  6387 | D:4      | Killed Dowan
  6819 | D:5      | Reached skill level 1 in Shields
  7175 | D:5      | Found a sparkling altar of Nemelex Xobeh.
  7683 | D:6      | Reached XP level 10. HP: 63/63 MP: 10/10
  7754 | D:6      | Noticed Eustachio
  7757 | D:6      | Killed Eustachio
  7855 | D:6      | Noticed Menkaure
  7862 | D:6      | Killed Menkaure
  8149 | D:7      | Reached ** piety under Wu Jian
  8151 | D:7      | Reached skill level 11 in Stealth
  8379 | D:7      | Killed Joseph
  8460 | D:7      | Killed Maggie
  8725 | D:8      | Found a broken altar of Ashenzari.
  8872 | D:8      | Reached XP level 11. HP: 68/68 MP: 11/11
  8961 | D:8      | Noticed Gastronok
  8990 | D:8      | Reached skill level 10 in Short Blades
  8990 | D:8      | Reached skill level 5 in Shields
  9018 | D:8      | Killed Gastronok
  9019 | D:8      | Reached skill level 12 in Stealth
  9583 | D:8      | Found a burning altar of Makhleb.
  9585 | D:8      | Noticed a blizzard demon
  9810 | D:8      | Reached *** piety under Wu Jian
 10219 | D:9      | Noticed a manticore
 10221 | D:9      | Killed a manticore
 10269 | D:9      | Found a shadowy altar of Dithmenos.
 10374 | D:9      | Reached skill level 10 in Dodging
 10386 | D:9      | Reached XP level 12. HP: 65/76 MP: 12/12
 10515 | D:9      | Reached skill level 13 in Stealth
 10776 | D:9      | Found an opulent altar of Gozag.
 11318 | D:10     | Entered Level 10 of the Dungeon
 11384 | D:10     | Reached skill level 1 in Long Blades
 11607 | D:10     | Found a staircase to the Orcish Mines.
 11674 | D:10     | Reached skill level 10 in Fighting
 11953 | D:10     | Reached **** piety under Wu Jian
 11965 | D:10     | Found a staircase to the Lair.
 12263 | Orc:1    | Entered Level 1 of the Orcish Mines
 12403 | Orc:1    | Noticed Erolcha
 12421 | Orc:1    | Noticed an orc warlord
 12456 | D:10     | Killed Erolcha
 12717 | D:11     | Reached skill level 14 in Stealth
 12770 | D:11     | Reached XP level 13. HP: 83/83 MP: 13/13
 13568 | D:11     | Noticed a centaur warrior
 13582 | D:11     | Killed a centaur warrior
 13601 | D:11     | Reached skill level 5 in Long Blades
 14808 | D:12     | Found a glowing silver altar of Zin.
 14868 | D:12     | Noticed a boulder beetle
 14889 | D:12     | Killed a boulder beetle
 15078 | D:12     | Learned a level 3 spell: Ignite Poison
 15390 | D:13     | Noticed a seven-headed hydra
 15398 | D:13     | Killed a two-headed hydra
 15974 | D:13     | Noticed a centaur warrior
 15977 | D:13     | Killed a centaur warrior
 15978 | D:13     | Reached skill level 1 in Transmutations
 15978 | D:13     | Reached skill level 1 in Fire Magic
 15978 | D:13     | Reached skill level 1 in Poison Magic
 16201 | D:13     | Noticed a centaur warrior
 16218 | D:13     | Killed a centaur warrior
 16219 | D:13     | Reached skill level 15 in Stealth
 16413 | D:13     | Noticed a centaur warrior
 16427 | D:13     | Killed a centaur warrior
 16696 | Lair:1   | Entered Level 1 of the Lair of Beasts
 16778 | Lair:1   | Noticed Urug
 16780 | Lair:1   | Killed Urug
 16780 | Lair:1   | Reached XP level 14. HP: 90/90 MP: 14/14
 17031 | Lair:1   | Noticed Grum
 17048 | Lair:1   | Killed Grum
 17443 | Lair:1   | Identified a scroll of acquirement
 17448 | Lair:1   | Acquired 509 gold pieces
 17574 | D:6      | Bought the +5 robe of Night {Dark Will+ SInv} for 1380 gold
                  | pieces
 17574 | D:6      | Found the +5 robe of Night {Dark Will+ SInv}
 17574 | D:6      | Bought a clear potion for 20 gold pieces
 17574 | D:6      | Bought a sapphire potion for 20 gold pieces
 17574 | D:6      | Bought a scroll of identify for 46 gold pieces
 18451 | Lair:2   | Reached ***** piety under Wu Jian
 19445 | Lair:3   | Found a hole to the Spider Nest.
 19651 | Lair:3   | Found a staircase to the Swamp.
 19676 | Lair:3   | Identified the +6 halberd "Giantslayer" {vorpal, rF+ Str-5
                  | Stlth+}
 20514 | Lair:4   | Found a runed translucent door.
 20515 | Lair:4   | Found a viscous altar of Jiyva.
 20516 | Lair:4   | Noticed an azure jelly
 20519 | Lair:4   | Found a staircase to the Slime Pits.
 20519 | Lair:4   | Noticed an azure jelly
 20520 | Lair:4   | Killed an azure jelly
 20520 | Lair:4   | Killed an azure jelly
 20568 | Lair:4   | Found a transporter.
 20593 | Lair:4   | Found the +10 tower shield of Ignorance {rN+ Int-4}
 20825 | Lair:4   | Found a transporter.
 21351 | Lair:4   | Reached XP level 15. HP: 96/96 MP: 15/15
 21351 | Lair:4   | Noticed Fifowuza's ghost (journeyman DrTm)
 21354 | Lair:4   | Found the +4 robe of Folly {Brilliance Will-∞ Int+8}
 21359 | Lair:4   | Killed Fifowuza's ghost
 21365 | Lair:4   | Got the Commentary on Mortuary Accompaniment
 21447 | Lair:5   | Entered Level 5 of the Lair of Beasts
 21496 | Lair:5   | Found a frozen archway.
 21602 | IceCv    | Entered an ice cave
 21887 | IceCv    | Reached skill level 16 in Stealth
 22463 | IceCv    | Noticed a frost giant
 22463 | IceCv    | Killed a frost giant
 22490 | IceCv    | Identified the ring of the Enemy {Fly rElec rN+ Int+5
                  | Stlth-}
 23226 | Lair:5   | Reached ****** piety under Wu Jian
 23471 | Lair:5   | Reached XP level 16. HP: 103/103 MP: 16/16
 24239 | Lair:5   | Reached skill level 10 in Shields
 24240 | Lair:5   | Reached skill level 17 in Stealth
 25051 | Orc:1    | Reached skill level 10 in Long Blades
 25366 | Orc:2    | Entered Level 2 of the Orcish Mines
 25373 | Orc:2    | Found a staircase to the Elven Halls.
 27388 | Orc:2    | Found Xiwuraw's Antique Armour Emporium.
 27389 | Orc:2    | Found Vubowush's Antique Weapon Emporium.
 27445 | Orc:2    | Found Ahofe's General Store.
 27446 | Orc:2    | Found Ykudu Dea's Jewellery Shoppe.
 27648 | D:14     | Noticed Snorg
 27651 | D:14     | Killed Snorg
 27674 | D:14     | Found a transporter.
 27732 | D:14     | Reached skill level 5 in Poison Magic
 27973 | D:14     | Reached skill level 5 in Transmutations
 27973 | D:14     | Reached skill level 5 in Fire Magic
 28214 | D:14     | Found a gate to the Vaults.
 28216 | D:14     | Reached XP level 17. HP: 109/109 MP: 17/17
 28325 | D:14     | Identified the +9 broad axe "Moejigyl" {vorpal, SInv}
 28665 | D:14     | Found a transporter.
 28713 | D:14     | Found a transporter.
 28719 | D:14     | Found a transporter.
 28745 | D:15     | Entered Level 15 of the Dungeon
 28962 | D:15     | Noticed Roxanne
 28979 | D:15     | Killed Roxanne
 30300 | D:15     | Found a staircase to the Depths.
 30863 | Spider:1 | Entered Level 1 of the Spider Nest
 31182 | Spider:1 | Reached skill level 18 in Stealth
 32794 | Spider:2 | Reached skill level 15 in Dodging
 33305 | Spider:3 | Reached XP level 18. HP: 116/116 MP: 18/18
 33570 | Spider:3 | Noticed Mara
 33642 | Spider:3 | Noticed Agnes
 33643 | Spider:3 | Noticed bumper's illusion
 33645 | Spider:4 | Entered Level 4 of the Spider Nest
 33651 | Spider:4 | Killed Mara
 34311 | Spider:3 | Killed Agnes
 34352 | Spider:3 | Noticed Arachne
 34360 | Spider:3 | Reached skill level 19 in Stealth
 34665 | Spider:3 | Killed Arachne
 34755 | Spider:4 | Reached skill level 1 in Evocations
 35590 | Spider:4 | Got a gossamer rune of Zot
 35760 | Spider:4 | Reached XP level 19. HP: 122/122 MP: 19/19
 36604 | Vaults:1 | Entered Level 1 of the Vaults
 37340 | Vaults:1 | Reached skill level 20 in Stealth
 37350 | Vaults:1 | Paralysed by a sphinx for 3 turns
 37978 | Vaults:1 | Found Lettaob's Distillery.
 37982 | Vaults:1 | Bought a potion of heal wounds for 85 gold pieces
 38044 | Vaults:1 | Reached skill level 5 in Evocations
 38077 | Vaults:1 | Bought a potion of haste for 170 gold pieces
 39020 | Swamp:1  | Entered Level 1 of the Swamp
 39881 | Elf:1    | Entered Level 1 of the Elven Halls
 39895 | Elf:1    | Found Ofroir's Weapon Emporium.
 39977 | Elf:1    | Found a magical portal.
 39990 | WizLab   | Entered Zonguldrok's Shrine
 40434 | WizLab   | Noticed an antique lich
 40435 | WizLab   | Killed an antique lich
 40437 | WizLab   | Found the +9 sword of Zonguldrok {reap}
 40866 | Elf:1    | Got the Disquisition on Convocation
 40906 | Elf:1    | Got the Textbook on the Entrancing Glacier
 41520 | Elf:2    | Reached XP level 20. HP: 128/128 MP: 20/20
 41555 | Elf:2    | Reached skill level 10 in Evocations
 41591 | Elf:2    | Found a runed translucent gate.
 41591 | Elf:2    | Found a runed translucent gate.
 41591 | Elf:2    | Found a runed translucent gate.
 41944 | Elf:3    | Entered Level 3 of the Elven Halls
 42239 | Elf:2    | Acquired the +3 scimitar of Nemelex Xobeh {venom, rPois
                  | Will++}
 42694 | Elf:2    | Reached skill level 15 in Fighting
 43511 | Elf:3    | Found Hewibiv's General Store.
 43598 | Elf:3    | Bought a phial of floods for 560 gold pieces
 43632 | Elf:3    | Found Pocwetiw's Armour Shoppe.
 43634 | Elf:3    | Found Gapsef's Jewellery Emporium.
 43642 | Elf:3    | Found Visutajel's Armour Shoppe.
 43649 | Elf:3    | Bought the ring "Siusch" {rPois rF+ Str+2} for 573 gold
                  | pieces
 43649 | Elf:3    | Bought the ring "Soih Ecu" {rElec rCorr Str-4 Dex+6} for
                  | 573 gold pieces
 44543 | Elf:3    | Reached XP level 21. HP: 69/135 MP: 3/21
 44855 | Elf:3    | Identified the +1 leather armour of the Depths {Slay+3}
 44865 | Elf:3    | Identified the +3 pair of gloves of Guymowol {rElec Str-2
                  | Dex+4}
 45156 | Elf:3    | Identified the +1 scale mail of the Scorching Gods {Harm}
 45281 | Elf:3    | Identified the ring "Pemoov" {rF+ Str+5 Int-4 SInv}
 45448 | Elf:3    | Reached skill level 21 in Stealth
 46478 | Swamp:1  | Paralysed by a fenstrider witch for 2 turns
 47363 | Swamp:2  | You fall into a shaft and drop 1 floor!
 48128 | Swamp:3  | Noticed Bai Suzhen
 48147 | Swamp:3  | Killed Bai Suzhen
 48674 | Swamp:4  | Entered Level 4 of the Swamp
 49884 | Swamp:4  | Found a blossoming altar of Fedhas.
 50205 | Swamp:4  | Found a basalt altar of Yredelemnul.
 50214 | Swamp:4  | Reached XP level 22. HP: 143/143 MP: 22/22
 50629 | Swamp:4  | Got a decaying rune of Zot
 51447 | Vaults:2 | Reached skill level 22 in Stealth
 52382 | Vaults:2 | Reached skill level 15 in Evocations
 52487 | Vaults:2 | Found a runed translucent door.
 52630 | Vaults:2 | Noticed christhawk's ghost (adept MiHu)
 52632 | Vaults:2 | Killed christhawk's ghost
 52638 | Vaults:2 | Got the Atlas of the Blaze and Reformation
 53076 | Vaults:3 | Found a flickering gateway to a bazaar.
 53090 | Bazaar   | Entered a bazaar
 53090 | Bazaar   | Found Zimasul's General Store.
 53107 | Bazaar   | Found Tuskoc's Antique Weapon Boutique.
 53125 | Bazaar   | Found Muutilom's Antique Armour Boutique.
 53149 | Bazaar   | Found Ymneac's Book Emporium.
 53217 | Bazaar   | Found Kuhutiu's Magic Scroll Shop.
 53281 | Bazaar   | Bought a scroll of acquirement for 520 gold pieces
 53281 | Bazaar   | Bought a scroll of enchant weapon for 75 gold pieces
 53281 | Bazaar   | Acquired 785 gold pieces
 53296 | Bazaar   | Bought a scroll of brand weapon for 114 gold pieces
 53296 | Bazaar   | Bought a scroll of brand weapon for 114 gold pieces
 53320 | Bazaar   | Bought an encrusted rapier for 135 gold pieces
 53320 | Bazaar   | Identified the +9 rapier "Qerootei" {venom, Str+4} (You
                  | bought it in a shop in a bazaar)
 53335 | Bazaar   | Bought a book of Geomancy for 252 gold pieces
 53338 | Bazaar   | Learned a level 2 spell: Passwall
 53407 | Vaults:3 | Noticed Mennas
 53903 | Vaults:3 | Reached skill level 1 in Earth Magic
 53998 | Vaults:3 | Killed Mennas
 54438 | Vaults:3 | Found a staircase to the Crypt.
 55177 | Vaults:4 | Reached XP level 23. HP: 150/150 MP: 23/23
 55473 | Vaults:4 | Reached skill level 23 in Stealth
 57314 | Vaults:5 | Entered Level 5 of the Vaults
 57406 | Vaults:5 | Noticed a golden dragon
 57407 | Vaults:5 | Killed a golden dragon
 57433 | Vaults:5 | Reached skill level 5 in Earth Magic
 57495 | Vaults:5 | Identified the amulet of Wonder {Regen+ Dex+3 SInv}
 57678 | Vaults:5 | Reached XP level 24. HP: 157/157 MP: 23/23
 57747 | Vaults:5 | Reached skill level 24 in Stealth
 57836 | Vaults:5 | Noticed a dread lich
 57843 | Vaults:5 | Noticed a golden dragon
 57845 | Vaults:5 | Killed a dread lich
 57849 | Vaults:5 | Killed a golden dragon
 58031 | Vaults:5 | Identified the +1 robe of the Baleful Louse {rElec rC-
                  | Will++ Str+9}
 58107 | Vaults:5 | Identified the +4 hand axe of Nuserem {vorpal, rElec}
 58249 | Vaults:5 | Got a silver rune of Zot
 58306 | Vaults:5 | Found Myocvue's Distillery.
 58324 | Vaults:5 | Noticed a golden dragon
 58340 | Vaults:5 | Killed a golden dragon
 58388 | Vaults:5 | Found Baill's Magic Scroll Boutique.
 58906 | Vaults:5 | Got the Folio of Fetching Sinister Deeds
 59627 | Slime:1  | Entered Level 1 of the Pits of Slime
 59757 | Slime:2  | Noticed Dissolution
 59774 | Slime:2  | Gained mutation: You occasionally lose the ability to read
                  | scrolls when taking damage. [a shining eye]
 59804 | Slime:2  | Killed Dissolution
 59866 | Slime:2  | Gained mutation: You have sharp fingernails. [a shining
                  | eye]
 59922 | Slime:3  | Reached XP level 25. HP: 165/165 MP: 23/23
 59945 | Slime:4  | Gained mutation: You sometimes lose the ability to read
                  | scrolls when taking damage. [a shining eye]
 59952 | Slime:4  | Reached skill level 15 in Shields
 60097 | Slime:5  | Entered Level 5 of the Pits of Slime
 60217 | Slime:5  | Reached skill level 25 in Stealth
 60247 | Slime:5  | Found a viscous altar of Jiyva.
 60248 | Slime:5  | Noticed the Royal Jelly
 60249 | Slime:5  | Killed the Royal Jelly
 60366 | Slime:5  | Paralysed by a great orb of eyes for 2 turns
 60709 | Slime:5  | Identified the +5 mace of the Evening {flame, rPois rC-
                  | Str+8 Int+3}
 60749 | Slime:5  | Identified the +11 battleaxe of Erabbod {pain, Str+5 Dex-5}
 60776 | Slime:5  | Identified the ring of the Middle {Will- Int+6 SInv}
 60804 | Slime:5  | Identified the +9 double sword "Ymewyesunt" {protect, rC+
                  | rN+ rCorr Str+4}
 60823 | Slime:5  | Identified the ring of Royalty {rC+ rN+ Int+4 Slay-2}
 60851 | Slime:5  | Found the +2 hood of the Assassin {Detection Stab+ Stlth++}
 60857 | Slime:5  | Got a slimy rune of Zot
 60881 | Slime:5  | Got Dispater's Volume of the Swarm
 61539 | Depths:1 | Entered Level 1 of the Depths
 61541 | Depths:1 | Found a shadowy altar of Dithmenos.
 61711 | Depths:1 | Found a one-way gateway to a ziggurat.
 61848 | Depths:1 | Reached XP level 26. HP: 173/173 MP: 23/23
 62039 | Depths:1 | Found a gateway to Hell.
 62462 | Depths:3 | Found a corrupted altar of Lugonu.
 62462 | Depths:3 | Found a one-way gate to the infinite horrors of the Abyss.
 62475 | Depths:3 | Found a flickering gateway to a bazaar.
 62490 | Bazaar   | Entered a bazaar
 62490 | Bazaar   | Found Ryrhu's Distillery.
 62493 | Bazaar   | Found Itrani's Armour Shoppe.
 62493 | Bazaar   | Found Zougrups's Jewellery Emporium.
 62496 | Bazaar   | Found Isanohi's Assorted Antiques.
 62542 | Depths:3 | Reached skill level 26 in Stealth
 62575 | Depths:4 | Entered Level 4 of the Depths
 62732 | Depths:4 | Found a one-way gate leading to the halls of Pandemonium.
 62995 | Depths:4 | Found a gate to the Realm of Zot.
 63000 | Zot:1    | Entered Level 1 of the Realm of Zot
 63019 | Zot:1    | Reached XP level 27. HP: 179/179 MP: 21/23
 63447 | Zot:2    | You fall into a shaft and drop 1 floor!
 63807 | Zot:5    | Entered Level 5 of the Realm of Zot
 64184 | Zot:5    | Reached skill level 27 in Stealth
 64434 | Zot:5    | Noticed a Killer Klown
 64436 | Zot:5    | Killed a Killer Klown
 64469 | Zot:5    | Learned a level 2 spell: Blink
 64509 | Zot:5    | Noticed an ancient lich
 64516 | Zot:5    | Killed an ancient lich
 64590 | Zot:5    | Noticed a dread lich
 64591 | Zot:5    | Noticed an orb of fire
 64591 | Zot:5    | Killed a dread lich
 64591 | Zot:5    | Killed an orb of fire
 64704 | Zot:5    | Noticed a Killer Klown
 64712 | Zot:5    | Noticed a Killer Klown
 64717 | Zot:5    | Noticed an ancient lich
 64721 | Zot:5    | Noticed an orb of fire
 64727 | Zot:5    | Killed an ancient lich
 64728 | Zot:5    | Killed an orb of fire
 64730 | Zot:5    | Killed a Killer Klown
 64732 | Zot:5    | Killed a Killer Klown
 65799 | Zot:5    | Noticed an orb of fire
 65800 | Zot:5    | Gained mutation: Your body sometimes deteriorates upon
                  | taking damage. [an orb of fire]
 65804 | Zot:5    | Gained mutation: Your body often deteriorates upon taking
                  | damage. [an orb of fire]
 65807 | Zot:5    | Noticed an orb of fire
 65807 | Zot:5    | Gained mutation: You are dopey. (Int -2) [an orb of fire]
 65808 | Zot:5    | Lost strength.
 65808 | Zot:5    | Gained mutation: You are weak. (Str -2) [an orb of fire]
 65808 | Zot:5    | Slain by an Orb Guardian

Illustrated notes

Levels and vault maps discovered:
D:1:      minmay_arrival_checkered_box, layout_basic,
          nicolae_ecumenical_snake_handling, solitary_fountain, nrook_campfire
D:2:      cheibrodos_helix_gallery, layout_loops_ring, minmay_misc_feat_chi
D:3:      layout_basic, kiku_gazebo_garden_becter
D:4:      layout_loops_ring, grunt_temple_overflow_diamond, minmay_box_of_dots,
          uniq_duvessa
D:5:      layout_basic, fiery_altar_vehumet, nemelex_altar_shiori,
          serial_bayou_ford_a
D:6:      layout_rooms, serial_shops, shop, corexii_item_surrounded_by_moat,
          uniq_eustachio, uniq_menkaure
D:7:      layout_cave_pods, nicolae_tso_swordbearing_angel,
          minmay_temple_entry_fiery, dk_vineyard_2, uniq_joseph, uniq_maggie,
          uniq_pikel
D:8:      layout_gridville, makhleb_altar_promises_db, evilmike_ruin_ashenzari,
          serial_ice, serial_ice_d, serial_ice_f, serial_ice_i, serial_ice_o,
          uniq_gastronok
D:9:      layout_long_grid, nicolae_gozag_seed_capital,
          mainiacjoe_overflow_small_starburst, minmay_bent
D:10:     kennysheep_blocky_hall, layout_cave_pods, lair_entry_dummy,
          minmay_orc_entry_guard_dogs, chequers_serial_rivers_micro_b
D:11:     layout_basic
D:12:     layout_roguey, zin_academy
D:13:     layout_stronghold, nicolae_twisting_strands
D:14:     layout_long_grid, grunt_vaults_entry_fortified, chequers_garden,
          nicolae_diode_intersection, uniq_snorg
D:15:     hangedman_depths_entry_try_elsewhere_first, layout_rooms, uniq_roxanne
Temple:   hellmonk_temple_divided_pantheon
Lair:1:   layout_misc_corridors, uniq_urug, uniq_grum
Lair:2:   layout_long_grid
Lair:3:   layout_gridlike, minmay_swamp_entry_worms,
          nicolae_spider_entry_non_spiders
Lair:4:   layout_loops_ring, slime_entry_2, nzn_ghost_randoct
Lair:5:   grunt_lair_end_beastmaster, layout_loops_ring,
          portal_ice_cave_entry_animals_and_master, grunt_megastairs_4
Swamp:1:  layout_basic_swamp, nicolae_swamp_ascending_descending, swamp_pool1,
          nicolae_swamp_bunyip_nook
Swamp:2:  layout_basic_swamp, nicolae_swamp_bean_lake, swamp_pool1
Swamp:3:  layout_falls_marsh, nicolae_swamp_stair_fork, uniq_bai_suzhen
Swamp:4:  byrel_swamp_growth_death_and_undeath, layout_basic_swamp
Spider:1: layout_spider_delve, drop_trap
Spider:2: layout_spider_delve, drop_trap
Spider:3: layout_spider_delve, nicolae_arachne_temple, uniq_agnes, uniq_mara
Spider:4: spider_rune_water, drop_trap
Slime:1:  layout_caves
Slime:2:  layout_caves, nicolae_slime_welcoming_committee, uniq_dissolution
Slime:3:  layout_caves
Slime:4:  layout_caves
Slime:5
Orc:1:    layout_caves, uniq_erolcha
Orc:2:    st_orc_congregation, layout_caves, rock_pile
Elf:1:    layout_rooms, serial_shops, shop, infiniplex_enter_wizlab_water,
          minmay_elf_demonology, nicolae_elf_big_sculpture_1
Elf:2:    nicolae_elf_blades_splatter_lattice [mumra_blade_entry_dagger],
          layout_loops_ring
Elf:3:    minmay_elf_hall_not_hex, layout_loops_corners, serial_shops, shop,
          st_stairs_1, minmay_shop_star
Vaults:1: v_rooms_6, v_misc_17, vaults_dpeg_spiral,
          nicolae_vaults_an_arrangement, ontoclasm_vaults_loading_screen,
          vaults_room_ringed_pool, v_misc_22, nicolae_vaults_alarming,
          layout_vaults_omnigrid, serial_shops, shop
Vaults:2: ebering_ghost_inner_flame, hangedman_vaults_snaps, v_pattern_4,
          vaults_mumra_lcd, v_misc_9, vaults_standard_mumra_x, v_misc_11,
          v_misc_31, nicolae_vaults_hallways_thing, v_alt_pattern_4,
          layout_vaults_omnibox
Vaults:3: v_misc_5, vaults_room_boxed, vaults_dpeg_ring,
          ontoclasm_vaults_ring_square, nicolae_vaults_theta,
          ontoclasm_vaults_loading_screen, nicolae_vaults_rhombus_5,
          ontoclasm_vaults_decontamination, hangedman_vaults_maws,
          nicolae_vaults_little_squares_5, nicolae_vaults_little_squares_4,
          minmay_crypt_entry_nasty_monster, layout_vaults_big_room,
          serial_shops, bzr_entry_lakeside, uniq_mennas
Vaults:4: nicolae_vaults_three_branches, ontoclasm_vaults_misaligned,
          nicolae_vaults_circle_grid_a, ontoclasm_vaults_gateway,
          vaults_room_corners, vaults_room_door_ring,
          vaults_room_hangedman_quadrants, v_misc_10, vaults_room_corners,
          hangedman_vaults_nails, nicolae_vaults_rhombus_6,
          vaults_standard_mumra_enter_the_diamond, nicolae_vaults_theta,
          layout_vaults_omnicross, uniq_margery
Vaults:5: serial_shops
Depths:1: layout_long_grid, enter_ziggurat_f, serial_rivers,
          chequers_serial_rivers_marsh, chequers_serial_rivers_small_a,
          chequers_serial_rivers_micro_b, chequers_serial_rivers_micro_d,
          pf_dread_powers_of_hell, grunt_dithmenos_smoke_and_mirrors
Depths:2: minmay_bloctagon_deflated, layout_gridlike, serial_shops,
          kennysheep_mini, pan_entry, hell_entry, minmay_misc_feat_cross,
          special_room [special_room_mythical_zoo]
Depths:3: nicolae_cairo_tiling_very_big, layout_long_grid,
          abyss_entry_flame_altar, serial_shops, bzr_entry_customers,
          grunt_mini_vestibule
Depths:4: grunt_zot_entry_gee_three, layout_cave_shapes, dk_noncrumbling_3,
          hangedman_coc_ice_floe, rand_demon_pan_entry_7
Zot:1:    layout_onion_interference
Zot:2:    layout_cathedral_of_symmetry, uniq_tiamat, uniq_parghit
Zot:3:    layout_gridlike, st_single_dragon_hoard_1
Zot:4:    lemuel_draconian_sentries_small, layout_basic
Zot:5:    layout_cellular_growth, nicolae_zot_crop_circle

Skill      XL: |  1  2  3  4  5  6  7  8  9 10 11 12 13 14 15 16 17 18 19 20 21 22 23 24 25 26 27 |
---------------+----------------------------------------------------------------------------------+-----
Short Blades   | 3 4 5 7 8 9 10 | 10.0
Fighting       | 3 4 6 7 8 9 10 11 12 13 14 15 16 17 18 19 20 21 | 21.6
Dodging        | 2 3 4 6 7 8 10 11 12 13 14 15 16 17 18 19 20 21 22 23 | 23.7
Stealth        | 6 7 9 10 11 12 14 15 16 17 18 19 20 21 22 23 24 25 26 27 | 27.0
Shields        | 2 4 6 7 8 9 10 11 12 13 14 15 16 18 | 18.5
Long Blades    | 4 6 7 9 10 11 12 13 | 13.4
Transmutations | 1 3 4 5 6 |  6.0
Fire Magic     | 1 3 4 5 6 |  6.0
Poison Magic   | 1 3 4 5 6 |  6.0
Evocations     | 3 9 13 14 15 16 | 16.0
Throwing       | 3 |  3.6
Earth Magic    | 2 5 6 |  6.0

Action                   |  1- 3 |  4- 6 |  7- 9 | 10-12 | 13-15 | 16-18 | 19-21 | 22-24 | 25-27 || total
-------------------------+-------+-------+-------+-------+-------+-------+-------+-------+-------++-------
Melee: Dagger            |    33 |    70 |   403 |   239 |   773 |  1337 |   777 |       |       ||  3632
       Punch             |     1 |     2 |     1 |       |       |       |       |       |       ||     4
       Short sword       |       |       |       |   489 |   247 |       |       |       |       ||   736
       Scimitar          |       |       |       |     6 |   258 |   262 |   265 |   196 |     5 ||   992
       Double sword      |       |       |       |       |       |       |    22 |       |   447 ||   469
       Quick blade       |       |       |       |       |       |       |   246 |  1812 |   344 ||  2402
       Rapier            |       |       |       |       |       |       |   109 |   547 |    24 ||   680
       Eudemon blade     |       |       |       |       |       |       |       |    19 |   232 ||   251
Throw: Dart              |       |     5 |     3 |     4 |       |       |       |       |       ||    12
 Cast: Ignite Poison     |       |       |       |       |     7 |    31 |    28 |    22 |     2 ||    90
       Passwall          |       |       |       |       |       |       |       |       |    13 ||    13
       Blink             |       |       |       |       |       |       |       |       |     2 ||     2
Invok: Lunge             |       |       |    20 |    75 |   106 |   162 |   175 |   130 |    95 ||   763
       Whirlwind         |       |       |     2 |   158 |   157 |   344 |   193 |   784 |   391 ||  2029
       Serpent's Lash    |       |       |       |     7 |    11 |    38 |    35 |    29 |    26 ||   146
       Heavenly Storm    |       |       |       |       |       |       |       |     2 |     2 ||     4
 Abil: Wall Jump         |       |       |       |    11 |    11 |    22 |    26 |    17 |    17 ||   104
       Evoke Invisibilit |       |       |       |       |       |       |     5 |     3 |     2 ||    10
Evoke: Wand              |       |       |     6 |    20 |     1 |       |       |       |     4 ||    31
       Condenser vane    |       |       |       |       |       |     2 |     3 |     1 |       ||     6
       Box of beasts     |       |       |       |       |       |       |       |     1 |       ||     1
       Tin of tremorston |       |       |       |       |       |       |       |       |     2 ||     2
  Use: Potion            |       |       |       |     1 |       |     2 |     3 |     2 |     3 ||    11
       Scroll            |       |       |       |    17 |    21 |     9 |    11 |    13 |     7 ||    78
 Stab: Sleeping          |     6 |     8 |    44 |    80 |   127 |   168 |   146 |   114 |   119 ||   812
       Invisible         |       |       |     2 |     2 |       |    12 |    32 |     8 |    13 ||    69
       Distracted        |       |       |     1 |     2 |    10 |    23 |    31 |    10 |    18 ||    95
       Confused          |       |       |       |       |       |     1 |     2 |       |       ||     3
Armor: Robe              |     4 |     8 |    40 |       |    67 |   116 |   101 |    89 |    86 ||   511
       Leather armour    |       |       |    11 |    94 |    41 |       |       |       |       ||   146
       Ring mail         |       |       |       |       |    27 |       |       |       |       ||    27
Dodge: Dodged            |    18 |    40 |   226 |   289 |   703 |   705 |   584 |   907 |   739 ||  4211
Block: Buckler           |       |       |    11 |   133 |   418 |   453 |   337 |   498 |       ||  1850
       Kite shield       |       |       |       |       |       |       |       |    78 |   152 ||   230
